 Dungeon Crawl Stone Soup version 0.23.2-40-g277498a (webtiles) character file.

Game seed: 11334015194786874097

5616 Aphrodieselac the Impaler (level 10, -4/67 HPs)
             Began as a Merfolk Skald on Sept 5, 2019.
             Slain by a wyvern (7 damage)
             ... on level 9 of the Dungeon.
             The game lasted 01:07:41 (13850 turns).

Aphrodieselac the Impaler (Merfolk Skald)          Turns: 13850, Time: 01:07:42

Health: -4/67      AC: 10    Str: 13    XL:     10   Next: 73%
Magic:  0/13       EV: 12    Int: 15    God:
Gold:   924        SH:  4    Dex: 19    Spells: 2/13 levels left

rFire    . . .     SeeInvis .   G - +3 trident (curse)
rCold    . . .     Gourm    .   k - +0 buckler
rNeg     + . .     Faith    .   b - +0 leather armour
rPois    +         Spirit   .   o - +0 helmet
rElec    .         Reflect  .   K - +2 ratskin cloak {+Rats rPois rN+ Str-1 Int-1 Dex+1}
rCorr    .         Harm     .   r - +2 pair of gloves
MR       .....                  (no boots)
Stlth    ++........             (no amulet)
HPRegen  0.21/turn              O - +5 ring of dexterity
MPRegen  0.13/turn              B - +2 ring of strength

@: infused, singing
A: change form in water, swift swim, stealthy swim
a: Evoke Ratskin


You were on level 9 of the Dungeon.
You were near starving.

You visited 2 branches of the dungeon, and saw 10 of its levels.
You also visited: Sewer and Bailey.

You collected 924 gold pieces.

Inventory:

Hand Weapons
 a - a +0 spear
 G - a cursed +3 trident (weapon)
 L - a +0 blowgun
Missiles
 p - 33 poisoned needles
 y - 9 sling bullets
 C - 41 tomahawks of returning (quivered)
Armour
 b - a +0 leather armour (worn)
 k - a +0 buckler (worn)
 o - a +0 helmet (worn)
 r - a +2 pair of gloves (worn)
 H - a +0 cloak
 K - the +2 ratskin cloak (worn) {+Rats rPois rN+ Str-1 Int-1 Dex+1}
   (You found it on level 7 of the Dungeon)

   It affects your strength (-1).
   It affects your intelligence (-1).
   It affects your dexterity (+1).
   It protects you from poison.
   It protects you from negative energy.
Jewellery
 i - a +1 ring of evasion
 B - a +2 ring of strength (right hand)
 D - an uncursed ring of protection from cold
 E - an uncursed ring of magical power
 I - a +2 ring of dexterity
 O - a +5 ring of dexterity (left hand)
Wands
 x - a wand of iceblast (14)
 J - a wand of disintegration (14)
 M - a wand of digging (2)
Scrolls
 c - 3 scrolls of immolation
 e - 6 scrolls of remove curse
 h - a scroll of identify
 j - a scroll of blinking
 l - 3 scrolls of enchant weapon {unknown}
 q - 2 scrolls of fog
 s - 4 scrolls of teleportation
 u - a scroll of random uselessness {unknown}
 v - 3 scrolls of amnesia {unknown}
 w - 3 scrolls of enchant armour {unknown}
 z - a scroll of acquirement {unknown}
 A - a scroll of noise
 N - a scroll of silence
Potions
 f - 5 potions of brilliance {unknown}
 g - 2 potions of curing
 m - 2 potions of haste
 n - 2 potions of might
 t - 4 potions of agility
 F - 3 potions of flight
 P - a potion of mutation {unknown}
Comestibles
 d - 19 rations


   Skills:
 - Level 2.1 Fighting
 + Level 15.2 Polearms
 - Level 0.6 Armour
 - Level 2.6 Dodging
 - Level 1.1 Stealth
 - Level 0.9 Shields
 - Level 2.0 Spellcasting
 - Level 12.0 Charms
 - Level 0.5 Translocations


You had 2 spell levels left.
You knew the following spells:

 Your Spells              Type           Power        Failure   Level  Hunger
a - Infusion              Chrm           ####         1%          1    #......
b - Song of Slaying       Chrm           #####...     1%          2    ###....
c - Shroud of Golubria    Chrm/Tloc      ###.......   4%          2    ###....
d - Spectral Weapon       Hex/Chrm       ###.....     11%         3    ###....
e - Regeneration          Chrm/Necr      ###.......   11%         3    ###....

Your spell library contained the following spells:

 Spells                   Type           Power        Failure   Level  Hunger
 Corona                   Hex            #......      38%         1    #......
 Magic Dart               Conj           #...         38%         1    #......
 Ensorcelled Hibernation  Hex/Ice        #.....       54%         2    ###....
 Searing Ray              Conj           #.....       54%         2    ###....
 Confuse                  Hex            #.......     77%         3    ###....
 Dazzling Spray           Conj/Hex       #.....       77%         3    ###....
 Tukima's Dance           Hex            #.......     77%         3    ###....
 Force Lance              Conj/Tloc      #.......     98%         4    #####..
 Fulminant Prism          Conj/Hex       #.........   99%         4    #####..
 Iskenderun's Mystic Bla  Conj           #.......     99%         4    #####..


Dungeon Overview and Level Annotations

Branches:
Dungeon (9/15)             Temple (1/1) D:4
   Lair: D:8-11         Orc: D:9-12

Altars:
Ashenzari
Cheibriados
Elyvilon
Fedhas
Gozag
Hepliaklqana
Kikubaaqudgha
Makhleb
Nemelex Xobeh
Qazlal
Ru
Sif Muna
Trog
Vehumet
Wu Jian
Xom
Yredelemnul
Zin
The Shining One

Shops:
D:7 (   D:8 %

Annotations:
D:4 Sigmund


Message History

The wyvern bites you!
Your shroud falls apart!
You closely miss the wyvern.
The wyvern is heavily wounded.
The wyvern bites you!
* * * LOW HITPOINT WARNING * * *
You barely miss the wyvern.
The wyvern is heavily wounded.
The wyvern barely misses you.
You hit the wyvern.
The wyvern is severely wounded.
The wyvern bites you but does no damage.
You hit the wyvern but do no damage.
The wyvern is severely wounded.
The wyvern bites you!
* * * LOW HITPOINT WARNING * * *
You closely miss the wyvern.
The wyvern is severely wounded.
The wyvern bites you!
You die...

....#........###................#
....#........#..................#
....####'#####.#######..........#
...............# #...........
...............# #...........
...............# #...........
########.......# #....####...
#.......#######(...# ...
#........@l.(.)....# ..
#############...#### . #...#
#####


You could see a wyvern.

Vanquished Creatures
  An orc knight (Bailey)
  A hornet (D:7)
  A hippogriff (D:8)
  Menkaure (D:4)
  2 ice beasts (D:8)
  5 sky beasts
  A necrophage (D:9)
  2 phantoms (D:8)
  6 orc warriors
  3 ogres
  3 eyes of draining (D:4)
  A centaur (D:5)
  A crocodile (D:8)
  Blork the orc (D:4)
  2 big kobolds
  2 bullfrogs
  A wyvern zombie (D:8)
  2 scorpions
  10 killer bees (D:9)
  6 wights
  4 crimson imps
  3 bullfrog zombies
  5 jellies
  5 hounds
  4 orc priests
  An orc wizard (D:5)
  A gnoll shaman (D:4)
  4 iguanas
  3 hell rats (D:7)
  A hound skeleton (D:6)
  A mummy (D:9)
  11 gnolls
  9 adders
  6 river rats
  2 shadow imps
  9 oozes
  2 adder skeletons
  9 worms
  A dart slug (D:2)
  9 leopard geckos
  12 orcs
  6 ball pythons
  7 giant cockroaches
  11 goblins
  11 hobgoblins
  16 jackals
  A quokka (D:2)
  A ball python skeleton (D:4)
  13 bats
  5 frilled lizards
  A giant cockroach zombie (D:6)
  A jackal skeleton (D:4)
  A jackal zombie (D:5)
  28 kobolds
  2 leopard gecko skeletons
  A leopard gecko zombie (D:5)
  23 rats
282 creatures vanquished.

Vanquished Creatures (others)
  A porcupine (D:9)
  A phantom (D:4)
  2 bullfrog zombies (D:9)
  A fungus (D:9)
  4 plants (D:9)
  2 spectral weapons (D:9)
11 creatures vanquished.

Grand Total: 293 creatures vanquished

Notes
Turn   | Place    | Note
-------+----------+-------------------------------------------
     0 | D:1      | Aphrodieselac the Merfolk Skald began the quest for the
                  | Orb.
     0 | D:1      | Reached XP level 1. HP: 16/16 MP: 3/3
   403 | D:1      | Reached XP level 2. HP: 20/22 MP: 5/5
   840 | D:2      | Learned a level 2 spell: Song of Slaying
   843 | D:2      | Learned a level 2 spell: Shroud of Golubria
  1021 | D:2      | Reached XP level 3. HP: 25/27 MP: 0/6
  1171 | D:2      | Reached skill level 4 in Polearms
  1289 | D:2      | Found a faded altar of an unknown god.
  1308 | D:2      | Found a burning altar of Makhleb.
  1338 | D:2      | Reached XP level 4. HP: 33/33 MP: 0/7
  1955 | D:2      | Reached skill level 5 in Charms
  2168 | D:2      | Found a shimmering altar of Xom.
  2442 | D:3      | Reached XP level 5. HP: 38/38 MP: 1/8
  2454 | D:3      | Reached skill level 5 in Polearms
  2784 | D:3      | Found a burning altar of Makhleb.
  3133 | D:3      | Reached XP level 6. HP: 36/44 MP: 2/9
  3393 | D:4      | Noticed a phantom
  3668 | D:4      | Noticed a sky beast
  3670 | D:4      | Reached skill level 6 in Polearms
  4003 | D:4      | Found a bloodstained altar of Trog.
  4058 | D:4      | Noticed Blork the orc
  4245 | D:4      | Noticed Sigmund
  4338 | D:5      | Entered Level 5 of the Dungeon
  4478 | D:5      | Found a glowing drain.
  4565 | Sewer    | Entered a sewer
  5175 | D:5      | Found a hazy altar of Hepliaklqana.
  5265 | D:4      | Reached skill level 1 in Stealth
  5265 | D:4      | Reached XP level 7. HP: 31/50 MP: 1/10
  5344 | D:4      | Found a shattered altar of Ashenzari.
  5352 | D:4      | Found a hazy altar of Hepliaklqana.
  5552 | D:5      | Reached skill level 7 in Polearms
  5803 | D:5      | Found a basalt altar of Yredelemnul.
  6191 | D:5      | Reached skill level 8 in Polearms
  6633 | D:5      | Reached XP level 8. HP: 35/56 MP: 2/11
  7125 | D:6      | Reached skill level 9 in Polearms
  7971 | D:6      | Found a sacrificial altar of Ru.
  8101 | D:7      | Found a white marble altar of Elyvilon.
  8175 | D:7      | Noticed a hornet
  8182 | D:7      | Killed a hornet
  8182 | D:7      | Reached skill level 10 in Polearms
  8186 | D:7      | Reached XP level 9. HP: 51/61 MP: 0/12
  8455 | D:7      | Found a flagged portal.
  8465 | Bailey   | Entered a bailey
  8473 | Bailey   | Noticed an orc knight
  8486 | Bailey   | Reached skill level 10 in Charms
  8872 | Bailey   | Killed an orc knight
  8872 | Bailey   | Reached skill level 11 in Polearms
  9367 | D:6      | Learned a level 3 spell: Spectral Weapon
  9371 | D:6      | Learned a level 3 spell: Regeneration
 10051 | D:4      | Killed Blork the orc
 10181 | D:4      | Noticed Menkaure
 10187 | D:4      | Killed Menkaure
 10261 | D:4      | Found a bloodstained altar of Trog.
 10294 | D:4      | Reached XP level 10. HP: 67/67 MP: 0/13
 10311 | D:4      | Reached skill level 12 in Polearms
 10553 | D:4      | Found a staircase to the Ecumenical Temple.
 10562 | Temple   | Entered the Ecumenical Temple
 10930 | D:7      | Found Dyfept's Weapon Emporium.
 11062 | D:7      | Found the +2 ratskin cloak {+Rats rPois rN+ Str-1 Int-1
                  | Dex+1}
 11360 | D:7      | Reached skill level 13 in Polearms
 11885 | D:8      | Found Abbunino's Food Shop.
 11912 | D:8      | Reached skill level 14 in Polearms
 13726 | D:9      | Reached skill level 15 in Polearms
 13796 | D:9      | Found a radiant altar of Vehumet.
 13849 | D:9      | HP: 3/67 [wyvern (9)]
 13850 | D:9      | Slain by a wyvern

Skill      XL: |  1  2  3  4  5  6  7  8  9 10 |
---------------+-------------------------------+-----
Charms         | 4 5 6 7 9 12 | 12.0
Polearms       | 4 5 6 8 10 11 15 | 15.2
Stealth        | 1 |  1.1
Fighting       | |  2.1
Armour         | |  0.6
Dodging        | |  2.6
Shields        | |  0.9
Spellcasting   | |  2.0
Translocations | |  0.5

Action                   |  1- 3 |  4- 6 |  7- 9 | 10-12 || total
-------------------------+-------+-------+-------+-------++-------
Melee: Spear             |   115 |   423 |   590 |       ||  1128
       Tailslap          |       |     5 |    14 |     2 ||    21
       Trident           |       |       |    74 |   310 ||   384
Throw: Stone             |       |       |     5 |       ||     5
       Tomahawk          |       |       |       |     4 ||     4
 Cast: Infusion          |     6 |    19 |    33 |     8 ||    66
       Shroud of Golubri |     2 |    15 |    23 |     6 ||    46
       Song of Slaying   |     1 |     3 |     2 |     5 ||    11
       Spectral Weapon   |       |       |       |     3 ||     3
Evoke: Wand              |       |       |     4 |       ||     4
  Use: Scroll            |     5 |     3 |     3 |     2 ||    13
 Stab: Sleeping          |       |     7 |     3 |     1 ||    11
  Eat: Chunk             |     2 |    11 |     9 |     4 ||    26
       Ration            |       |     1 |     3 |     2 ||     6
Armor: Leather armour    |    25 |    70 |    60 |    56 ||   211
Dodge: Dodged            |    61 |   178 |   184 |   109 ||   532
Block: Buckler           |     4 |    39 |    35 |    28 ||   106
